 Dungeon Crawl Stone Soup version 0.26.1-2-gb8aa6d0cf2 (webtiles) character file.

Game seed: 1022756946302730554

95 dornbeast the Charlatan (level 4, -1/22 HPs)
             Began as a Tengu Artificer on Mar 13, 2021.
             Was a Follower of Hepliaklqana.
             Killed from afar by a white imp (4 damage)
             ... with a puff of frost
             ... summoned by Natasha
             ... on level 2 of the Dungeon.
             The game lasted 00:10:26 (1849 turns).

dornbeast the Charlatan (Tengu Artificer)           Turns: 1849, Time: 00:10:26

Health: -1/22      AC:  3    Str: 12    XL:     4   Next: 66%
Magic:  5/5        EV: 11    Int: 13    God:    Hepliaklqana [*.....]
Gold:   108        SH:  8    Dex: 14    Spells: 3/3 levels left

rFire    . . .     SeeInvis .   a - +0 club
rCold    . . .     Faith    .   l - +0 buckler
rNeg     . . .     Spirit   .   b - +0 leather armour
rPois    .         Reflect  +   (helmet restricted)
rElec    .         Harm     .   (no cloak)
rCorr    .         Rampage  .   (no gloves)
Will     .....                  (boots unavailable)
Stlth    +.........             i - amulet of reflection
HPRegen  0.07/turn              (no ring)
MPRegen  0.09/turn              (no ring)

@: no status effects
A: reduced essence, beak, talons 3
a: Renounce Religion, Recall Ancestor, Ancestor Identity


You were on level 2 of the Dungeon.
You worshipped Hepliaklqana.
Hepliaklqana was aware of your devotion.
You visited 1 branch of the dungeon, and saw 2 of its levels.

You collected 108 gold pieces.

Inventory:

Hand Weapons
 a - a +0 club (weapon)
Armour
 b - a +0 leather armour (worn)
 l - a +0 buckler (worn)
Jewellery
 i - an amulet of reflection (around neck)
Wands
 c - a wand of flame (14) (quivered)
 d - a wand of enslavement (15)
 e - a wand of random effects (15)
Scrolls
 j - a scroll of identify {unknown}
 n - a scroll of fog {unknown}
 o - 4 scrolls of immolation {unknown}
Potions
 f - 2 potions of magic {unknown}
 g - a potion of invisibility {unknown}
 h - a potion of curing
 k - a potion of haste {unknown}
 m - a potion of brilliance {unknown}


   Skills:
 - Level 1.0 Fighting
 + Level 3.1 Armour
 + Level 2.4 Dodging
 - Level 1.0 Stealth
 * Level 4.2 Evocations


You had 3 spell levels left.
You didn't know any spells.
Your spell library was empty.

Dungeon Overview and Level Annotations

Branches:
Dungeon (2/15)

Altars:
Fedhas
Hepliaklqana

Annotations:
D:2 Natasha


Innate Abilities, Weirdness & Mutations

You have a beak for a mouth.
You have claws for feet.
Your life essence is reduced to manifest your ancestor. (-10% HP)


Message History

The white imp sputters.
Ayla closely misses Natasha.
Natasha claws Ayla.
Ayla barely misses Natasha.
You block the shadow imp's attack.
You see here a brown potion.
The white imp gestures at you.
The puff of frost reflects off an invisible shield around you!
The puff of frost hits the white imp.
The white imp resists.
The kobold hits Ayla.
Ayla barely misses Natasha.
Ayla hits Natasha.
Natasha closely misses Ayla.
Ayla hits Natasha.
Natasha casts a spell at Ayla.
The magic dart hits Ayla.
The shadow imp gestures at you. Pain shoots through your body!
* * * LOW HITPOINT WARNING * * *
The white imp gestures at you. The puff of frost hits you.
You die...

.......<# .###.....
########.# #
......### ...
.....#.## .####.#
#.. ..#..#.. ....
###.# #.#.... .###
.[.# #....# ##
#.###.#.## #
######.5......##
#####
#...@..5g!hR.!.#..##
....######
#.#######K.........#
.........####.#
##.?...#....
..######......##
##...## ..
..#§§≈§'..###..#
#..## #.#§§_≈#.##
##.# #..# #.#≈>§≈#.#
#.# #..# #.#≈≈§ #.#
#.# #...
..######.#####.####
#.[.


You could see the friendly Ayla the ancestor, Natasha, a white imp (summoned), a
shadow imp (summoned), a hobgoblin and a kobold.

Vanquished Creatures
  A dart slug (D:1)
  2 leopard geckos
  2 bats (D:1)
  3 giant cockroaches
  5 goblins
  A hobgoblin (D:1)
  2 jackals (D:1)
  2 kobolds
  A ball python (D:1)
  7 frilled lizards
  3 rats (D:1)
29 creatures vanquished.

Vanquished Creatures (collateral kills)
  Natasha (twice) (D:2)
  An adder (D:2)
  A bat (D:2)
  A rat (D:2)
5 creatures vanquished.

Grand Total: 34 creatures vanquished

Notes
Turn   | Place    | Note
-------+----------+-------------------------------------------
     0 | D:1      | dornbeast the Tengu Artificer began the quest for the Orb.
     0 | D:1      | Reached XP level 1. HP: 12/12 MP: 2/2
   266 | D:1      | Reached XP level 2. HP: 15/16 MP: 3/3
  1283 | D:1      | Reached XP level 3. HP: 20/20 MP: 4/4
  1478 | D:2      | Found a faded altar of an unknown god.
  1484 | D:2      | Became a worshipper of Hepliaklqana the Forgotten
  1484 | D:2      | Reached * piety under Hepliaklqana
  1586 | D:2      | Noticed Natasha
  1591 | D:2      | Killed Natasha
  1592 | D:2      | Reached skill level 4 in Evocations
  1592 | D:2      | Reached XP level 4. HP: 22/22 MP: 5/5
  1705 | D:2      | Noticed Natasha
  1712 | D:2      | Killed Natasha
  1815 | D:2      | Found a blossoming altar of Fedhas.
  1835 | D:2      | Noticed Natasha
  1849 | D:2      | Killed from afar by a white imp

Illustrated notes

Levels and vault maps discovered:
D:1:      heliophobic_arrival_henge, layout_basic, serial_park_tiny_pond,
          minivault_25
D:2:      layout_loops_ring, general_overflow_altar,
          chequers_ecumenical_altar_simple_redux, uniq_crazy_yiuf_cottage,
          uniq_natasha

Skill      XL: |  1  2  3 |
---------------+----------+-----
Armour         | 3 |  3.1
Dodging        | 2 |  2.4
Evocations     | 4 |  4.2
Fighting       | |  1.0
Stealth        | |  1.0

Action                   |  1- 3 |  4- 6 || total
-------------------------+-------+-------++-------
Melee: Club              |    75 |    11 ||    86
       Kick              |    21 |     4 ||    25
       Peck              |     5 |     1 ||     6
Invok: Ancestor Identity |     1 |       ||     1
Evoke: Wand              |     1 |       ||     1
  Use: Potion            |     1 |     1 ||     2
 Stab: Sleeping          |     1 |       ||     1
Armor: Leather armour    |    17 |     8 ||    25
Dodge: Dodged            |    53 |     8 ||    61
Block: Buckler           |    13 |    10 ||    23
       Reflection        |       |     1 ||     1
